Map: Neon Violet Square LE

Players

Neeb

  • Race: Protoss Protoss
  • Spawn Location: 5:00

Serral - Winner!

  • Race: Zerg Zerg
  • Spawn Location: 11:00

Event: WESG 2017 Haikou

VOD

Have the link to the VOD?

Description

Time

  • Played on: March 17, 2018, 12:19 a.m.
  • Length: 13:02

All games in this series

Show
View Real Time Build Order
Export as new Build Order

Neeb Protoss 

Build Orders: 1 Gate Expand, Oracle Opening, Phoenix Opening 

Get SALT Encoding   

  12  0:00  Probe  
  13  0:13  Probe  
  14  0:18  Pylon  
  14  0:25  Probe  
  15  0:34  Assimilator  
  15  0:37  Probe (Chrono Boost)  
  16  0:45  Gateway  
  17  0:50  Probe (Chrono Boost)  
  17  0:54  Probe (Chrono Boost)  
  18  1:06  Probe  
  19  1:18  Probe  
  20  1:25  Nexus  
  20  1:35  Cybernetics Core  
  20  1:38  Probe  
  21  1:43  Assimilator  
  21  1:50  Probe  
  21  1:54  Pylon  
  22  2:02  Probe  
  23  2:10  Adept (Chrono Boost)  
  23  2:15  Stargate  
  25  2:16  Probe  
  26  2:23  Warp Gate  
  26  2:28  Adept (Chrono Boost), Probe (Chrono Boost)  
  29  2:37  Probe (Chrono Boost)  
  31  2:46  Adept (Chrono Boost), Probe (Chrono Boost)  
  31  2:47  Probe (Chrono Boost)  
  34  2:52  Probe (Chrono Boost)  
  34  2:53  Probe (Chrono Boost)  
  34  2:58  Phoenix (Chrono Boost)  
  38  3:05  Probe x2  
  40  3:17  Probe x2  
  42  3:20  Pylon  
  42  3:22  Oracle (Chrono Boost)  
  45  3:29  Probe  
  46  3:35  Pylon  
  46  3:38  Probe  
  47  3:41  Probe  
  48  3:50  Probe  
  48  3:51  Oracle (Chrono Boost)  
  48  3:53  Probe  
  53  3:56  Nexus  
  53  4:00  Pylon  
  53  4:03  Probe  
  53  4:05  Probe  
  55  4:14  Assimilator  
  55  4:15  Probe, Assimilator  
  56  4:17  Probe  
  57  4:25  Robotics Facility  
  57  4:27  Probe, Gateway  
  58  4:32  Probe  
  59  4:39  Probe  
  59  4:44  Probe  
  61  4:51  Probe  
  62  4:55  Sentry  
  62  4:56  Probe  
  62  4:57  Pylon  
  62  4:59  Gateway  
  65  5:02  Assimilator  
  65  5:03  Probe  
  65  5:04  Assimilator  
  66  5:08  Probe  
  66  5:09  Immortal (Chrono Boost)  
  68  5:15  Probe  
  68  5:19  Sentry  
  68  5:20  Probe  
  70  5:22  Probe, Shield Battery  
  70  5:24  Shield Battery  
  70  5:27  Probe  
  70  5:33  Sentry, Probe  
  73  5:35  Shield Battery  
  73  5:37  Probe  
  73  5:38  Shield Battery  
  73  5:40  Immortal (Chrono Boost), Probe, Pylon  
  79  5:43  Stalker  
  79  5:45  Probe  
  79  5:47  Pylon  
  79  5:49  Probe  
  83  5:52  Probe  
  84  5:57  Probe  
  84  6:03  Probe  
  86  6:06  Stalker  
  86  6:07  Stalker x2  
  86  6:08  Immortal (Chrono Boost)  
  96  6:12  Forge  
  96  6:15  Forge  
  96  6:16  Probe  
  97  6:29  Pylon  
  97  6:31  Probe  
  99  6:32  Robotics Bay  
  99  6:34  Observer (Chrono Boost)  
  99  6:36  Nexus  
  99  6:43  Probe, Pylon  
  99  6:44  Probe  
  99  6:45  Probe  
  102  6:50  Zealot, Warp Prism (Chrono Boost)  
  106  6:55  Probe  
  106  6:56  Protoss Ground Armor Level 1 (Chrono Boost), Probe, Protoss Ground Weapons Level 1 (Chrono Boost)  
  108  7:02  Shield Battery  
  108  7:05  Probe  
  108  7:08  Probe  
  110  7:15  Probe  
  111  7:21  Colossus (Chrono Boost)  
  111  7:23  Probe  
  111  7:24  Probe  
  118  7:31  Extended Thermal Lance (Chrono Boost)  
  118  7:35  Twilight Council  
  118  7:37  Gateway  
  118  7:39  Gateway  
  118  7:40  Assimilator  
  118  7:42  Gateway  
  118  7:44  Assimilator  
  118  7:45  Pylon  
  118  7:57  Zealot x3  
  124  8:03  Photon Cannon  
  124  8:05  Pylon  
  124  8:07  Shield Battery, Gateway  
  124  8:08  Gateway  
  124  8:11  Gateway  
  130  8:13  Blink (Chrono Boost)  
  130  8:16  Templar Archives  
  130  8:23  Stalker x2, Shield Battery  
  130  8:24  Stalker  
  130  8:26  Probe x2  
  129  8:32  Probe x2, Photon Cannon  
  128  8:37  Colossus (Chrono Boost)  
  128  8:38  Probe  
  128  8:40  Probe  
  131  8:42  Protoss Ground Weapons Level 2 (Chrono Boost), Protoss Ground Armor Level 2 (Chrono Boost)  
  131  8:45  Probe  
  133  8:54  Stalker x2  
  134  9:00  Probe x2  
  135  9:04  High Templar x3  
  135  9:07  High Templar  
  143  9:12  Archon x2  
  143  9:14  Stalker  
  143  9:19  Stalker  
  143  9:20  Probe x2  
  143  9:22  Stalker  
  143  9:23  Probe  
  143  9:24  Probe  
  148  9:29  High Templar x2  
  151  9:32  Probe x2  
  151  9:37  Archon  
  153  9:40  Stalker  
  153  9:41  High Templar  
  153  9:46  Pylon x2  
  153  9:47  Pylon  
  150  9:53  Probe x2  
  150  9:56  High Templar x2  
  156  10:01  Archon, Photon Cannon  
  156  10:05  Pylon  
  156  10:06  High Templar x6  
  168  10:07  Pylon  
  168  10:12  Charge (Chrono Boost)  
  168  10:19  Probe x4  
  169  10:27  Psionic Storm  
  168  10:31  Probe x3  
  168  10:32  Probe  
  172  10:42  Protoss Ground Armor Level 3 (Chrono Boost)  
  172  10:43  Probe x2  
  172  10:44  Probe x2  
  172  10:47  Protoss Ground Weapons Level 3 (Chrono Boost)  
  176  10:52  Colossus  
  176  10:55  Nexus, Pylon  
  182  10:58  Pylon  
  182  11:07  High Templar x2  
  182  11:09  Photon Cannon  
  186  11:11  Photon Cannon  
  186  11:12  Pylon  
  186  11:13  Archon  
  186  11:26  High Templar x2  
  186  11:27  Zealot x5  
  186  11:31  Archon  
  200  11:37  Photon Cannon x2  
  200  11:42  Shield Battery  
  200  11:45  Shield Battery  
  200  11:51  High Templar x3  
  200  11:52  High Templar  
  200  11:56  Archon  
  200  11:57  Archon  
  200  11:59  Zealot  
  200  12:02  Photon Cannon  
  200  12:11  Photon Cannon  
  200  12:20  Zealot x5  
  135  12:38  Zealot x4  
  109  12:46  Probe x2, High Templar  
  109  12:47  High Templar x5  
  109  12:49  Probe x3  
  108  12:52  Zealot x3  
Show
View Real Time Build Order
Export as new Build Order

Serral Zerg - Winner!

Build Orders: Hatch First, Muta Ling Bane 

Get SALT Encoding   

  12  0:00  Drone  
  13  0:13  Overlord  
  13  0:18  Drone  
  14  0:33  Drone x2  
  16  0:36  Drone  
  17  0:52  Hatchery  
  17  0:56  Drone  
  17  0:59  Drone  
  18  1:10  Extractor  
  17  1:14  Spawning Pool  
  17  1:17  Drone  
  17  1:20  Drone  
  18  1:28  Drone  
  19  1:39  Overlord  
  19  1:52  Drone  
  20  2:00  Queen  
  23  2:01  Zergling x2  
  23  2:04  Queen  
  23  2:05  Zergling x2  
  26  2:09  Metabolic Boost  
  26  2:11  Drone  
  26  2:15  Drone  
  28  2:24  Drone  
  28  2:27  Drone  
  30  2:32  Drone  
  30  2:37  Drone  
  32  2:42  Hatchery  
  31  2:49  Queen  
  33  2:54  Overlord  
  33  2:56  Zergling x2  
  34  2:59  Zergling x2  
  34  3:01  Drone  
  36  3:12  Drone x2  
  38  3:14  Drone x3  
  41  3:23  Overlord  
  41  3:24  Queen  
  43  3:28  Overlord  
  43  3:33  Drone  
  44  3:35  Spore Crawler  
  44  3:37  Drone  
  44  3:45  Overlord  
  44  3:47  Drone x4  
  48  3:52  Lair  
  48  3:54  Drone  
  49  3:57  Drone  
  49  4:02  Queen  
  52  4:05  Overlord  
  52  4:11  Drone, Spore Crawler  
  52  4:16  Roach Warren  
  51  4:18  Extractor x2, Drone  
  51  4:22  Drone x2  
  53  4:24  Drone  
  53  4:31  Zergling x4  
  54  4:37  Drone x3  
  57  4:43  Overlord  
  57  4:44  Zergling x10  
  59  4:54  Drone x3  
  61  5:07  Nydus Network  
  61  5:09  Roach x3  
  64  5:22  Roach  
  64  5:23  Nydus Network  
  68  5:30  Drone x4  
  68  5:33  Drone x7  
  73  5:35  Extractor  
  73  5:41  Ravager  
  72  5:44  Spire  
  72  5:46  Drone x2  
  72  5:48  Drone  
  74  5:53  Drone x2  
  74  5:54  Drone x2  
  77  6:02  Overlord x3  
  78  6:07  Glial Reconstitution  
  78  6:12  Drone x4  
  78  6:15  Overlord  
  78  6:18  Overlord  
  82  6:25  Drone x3  
  85  6:30  Evolution Chamber  
  85  6:31  Extractor  
  85  6:32  Extractor  
  82  6:35  Drone x2, Overlord  
  82  6:36  Drone x6  
  91  6:40  Zergling x4  
  89  6:48  Drone, Baneling Nest, Zergling x8  
  93  6:55  Zergling x8  
  93  6:57  Zerg Melee Weapons Level 1  
  97  7:02  Ravager x3  
  97  7:04  Overlord  
  100  7:11  Overlord  
  100  7:13  Overlord  
  100  7:21  Roach x3, Zergling x18  
  115  7:27  Overlord  
  115  7:32  Mutalisk x4  
  115  7:34  Mutalisk  
  124  7:41  Mutalisk x2  
  124  7:44  Centrifical Hooks  
  128  7:48  Mutalisk x2  
  128  7:50  Overlord  
  128  7:51  Zergling x8  
  136  7:52  Baneling x3  
  136  8:03  Hatchery  
  135  8:06  Overlord  
  135  8:12  Infestation Pit  
  135  8:15  Hydralisk Den  
  134  8:20  Drone x4  
  134  8:22  Zergling x18  
  134  8:25  Drone  
  134  8:26  Drone  
  149  8:31  Infestation Pit  
  149  8:33  Ravager x2  
  149  8:34  Ravager, Zergling x2  
  150  8:35  Zergling x6  
  154  8:41  Zergling x6  
  154  8:47  Drone x6  
  163  8:52  Baneling x16  
  163  9:00  Zerg Melee Weapons Level 2  
  163  9:04  Roach  
  163  9:05  Roach x2  
  163  9:09  Baneling x5  
  169  9:11  Roach  
  169  9:14  Hatchery  
  169  9:16  Roach x3  
  176  9:22  Hive  
  174  9:28  Roach x2  
  176  9:33  Baneling x6  
  176  9:34  Baneling  
  176  9:38  Zergling x14  
  183  10:00  Hatchery  
  183  10:01  Overlord x3  
  183  10:02  Drone  
  183  10:17  Overlord  
  181  10:22  Hatchery  
  181  10:24  Zergling x42  
  197  10:32  Drone x3  
  197  10:34  Drone x2  
  197  10:35  Viper  
  196  10:36  Adrenal Glands  
  196  10:39  Greater Spire  
  196  10:40  Baneling x15  
  196  10:41  Baneling x6  
  199  11:14  Pathogen Glands  
  199  11:17  Extractor  
  198  11:22  Evolution Chamber  
  197  11:36  Baneling x23  
  185  11:59  Zergling x36  
  198  12:11  Baneling x12  
  187  12:19  Zergling x98  
  187  12:20  Zergling x4  
  191  12:24  Zergling x8  
  191  12:25  Baneling x15  
  191  12:26  Baneling x5  
  191  12:28  Zergling x2  
  182  12:34  Zergling x12  
  182  12:36  Zergling x14  
Tags
 
Add a new tag
Caveats
  • Supply blocks, unpowered buildings, or Contaminate may cause inaccurate times.
  • Supply counts are checked every 10 seconds.